 Dungeon Crawl Stone Soup version 0.14-a0-226-gcf818b1 (webtiles) character file.

2458 Malachi the Grappler (level 9, -1/76 HPs)
             Began as a Troll Wizard on Oct 10, 2013.
             Slain by an orc warrior
             ... wielding a -1,+1 orcish long sword
              (15 damage)
             ... on Level 6 of the Dungeon.
             The game lasted 00:15:14 (5979 turns).

Malachi the Grappler (Troll Wizard)                 Turns: 5979, Time: 00:15:14

HP  -1/76        AC  6     Str 17      XL: 9   Next: 10%
MP  12/12        EV  9     Int 17      God:
Gold 291         SH  0     Dex  8      Spells:  3 memorised,  7 levels left

Res.Fire  : + + .   See Invis. : .     - Unarmed
Res.Cold  : . . .   Warding    : .   a - +0 robe
Life Prot.: . . .   Conserve   : .   (shield restricted)
Res.Poison: +       Res.Corr.  : .   b - +0 wizard hat
Res.Elec. : .       Clarity    : .   n - +0 cloak {rPois}
Sust.Abil.: . .     Spirit.Shd : .   (gloves unavailable)
Res.Mut.  : .       Stasis     : .   (boots unavailable)
Res.Rott. : .       Flight     : .   (no amulet)
Gourmand  : +                        j - ring of protection from fire
                                     q - ring of protection from fire

@: about to teleport, slightly resistant to hostile enchantments, unstealthy
A: unfitting armour, claws 3, fast metabolism 3, gourmand, regeneration 2,
saprovore 2, tough skin 2, AC +1
a: no special abilities


You were on level 6 of the Dungeon.
You were full.

You visited 1 branch of the dungeon, and saw 7 of its levels.

You collected 271 gold pieces.

Inventory:

Hand weapons
 u - a +4,+2 quarterstaff of chaos
Missiles
 l - a throwing net [frayed] (quivered)
Armour
 a - a +0 robe (worn)
 b - a +0 wizard hat (worn)
 n - a +0 cloak of poison resistance (worn)
Magical devices
 s - a wand of magic darts (8) {unknown}
 y - a wand of random effects (15)
Comestibles
 d - 3 meat rations
 k - an apple
 m - 4 pears
 v - 3 oranges
 x - 2 bread rations
 B - a choko
Scrolls
 e - 3 scrolls of identify
 g - 2 scrolls of remove curse
 t - a scroll of teleportation
 A - a scroll of blinking {unknown}
Jewellery
 h - an uncursed ring of positive energy
 j - a ring of protection from fire (right claw)
 q - a ring of protection from fire (left claw)
Potions
 f - a potion of curing
 i - 2 potions of restore abilities
 r - a potion of resistance
 w - a potion of cure mutation {unknown}
 z - a potion of berserk rage {unknown}
 C - a potion of heal wounds
Books
 c - a book of Minor Magic

   Spells                             Type                      Level
   *Magic Dart                        Conjuration                  1
   *Blink                             Translocation                2
   *Call Imp                          Summoning                    2
   Repel Missiles                     Charms/Air                   2
   Slow                               Hexes                        2
   Conjure Flame                      Conjuration/Fire             3
   Mephitic Cloud                     Conjuration/Poison/Air       3


   Skills:
 + Level 4.3 Fighting
 + Level 1.2 Staves
 - Level 1.5 Dodging
 - Level 1.1 Stealth
 * Level 10.4 Unarmed Combat
 - Level 2.0 Spellcasting
 - Level 0.6 Conjurations
 + Level 0.6 Summonings
 + Level 0.6 Translocations
 + Level 0.2 Evocations


You had 7 spell levels left.
You knew the following spells:

 Your Spells              Type           Power        Failure   Level  Hunger
a - Magic Dart            Conj           #...         17%         1    #......
b - Blink                 Tloc           N/A          24%         2    ###....
c - Call Imp              Summ           #.........   24%         2    ###....


Dungeon Overview and Level Annotations

Branches:
Dungeon (7/27)             Temple (0/1) D:5
    Orc: D:6-11

Altars:
Elyvilon
Fedhas
Okawaru
Sif Muna
Xom


Innate Abilities, Weirdness & Mutations

You are too large for most types of armour.
You have claws for hands.
Your metabolism is lightning-fast.
You like to eat raw meat.
You heal very quickly.
You can eat rotten meat.
You are covered in fur (AC +1).
You have very tough skin (AC +2).


Message History

The orc priest turns to fight!
The orc priest glows brightly for a moment.
You claw the orc!
You kill the orc!
The orc warrior hits you with an orcish long sword!
Evoke which item? (* to show all) (? for menu, Esc to quit)
Okay, then.
The orc priest's eyes start to glow.
There is a stone staircase leading up here.
The orc priest mumbles some strange prayers to Beogh against you.
Something smites you!
* * * LOW HITPOINT WARNING * * *
The orc warrior barely misses you.
You climb upwards.
There is a stone staircase leading down here.
Read which item? (? for menu, Esc to quit)
As you read the scroll of teleportation, it crumbles to dust.
You feel strangely unstable. The orc warrior misses you.
The orc warrior hits you with an orcish long sword!
You die...

...........# #...)...#
...........# #.......#
.....^...<.# ####.####
######'##### #.# #...#
##.# ###.#### #..# #....#
#####'##### ##########'##
#.>.......#
##...........###@o.^.....#
.#...........'.#...[.....#
.#...........#.#.<.......#
.#...........#.#.........#
.'...........#.#.........#
##...........#.'.........#
#...........###.........#
########'#### #.........#
#...# ###'#######


You could see an orc warrior.

Vanquished Creatures
  The ghost of Deemzul the Martial Artist, an experienced DsMo of Trog (D:6)
  An orc warrior (D:5)
  A black bear (D:7)
  2 ogres
  2 sky beasts
  A centaur (D:6)
  A phantom (D:5)
  Sigmund (D:4)
  A giant frog (D:6)
  A water moccasin (D:5)
  3 crimson imps
  A hound (D:5)
  2 orc priests
  4 orc wizards
  Crazy Yiuf (D:2)
  3 worker ants
  3 halflings (D:1)
  2 scorpions
  An ogre zombie (D:5)
  Jessica (D:3)
  A hound skeleton (D:4)
  An ogre skeleton (D:4)
  4 gnolls (D:5)
  10 adders
  2 worms
  An adder skeleton (D:4)
  A giant eyeball (D:4)
  6 giant geckos
  An ooze (D:1)
  19 orcs
  A giant mite zombie (D:6)
  13 hobgoblins
  2 jackals (D:6)
  2 quokkas (D:4)
  4 training dummies (D:3)
  11 bats
  8 giant cockroaches
  A giant gecko skeleton (D:7)
  6 giant newts
  8 goblins
  A hobgoblin skeleton (D:5)
  17 kobolds
  A kobold skeleton (D:5)
  10 rats
  A rat skeleton (D:6)
  A bush (D:1)
166 creatures vanquished.

Vanquished Creatures (others)
  A giant spore (D:6)
  A ballistomycete (D:6)
2 creatures vanquished.

Grand Total: 168 creatures vanquished

Notes
Turn   | Place    | Note
--------------------------------------------------------------
     0 | D:1      | Malachi, the Troll Wizard, began the quest for the Orb.
     0 | D:1      | Reached XP level 1. HP: 14/14 MP: 5/5
   206 | D:1      | Reached skill level 1 in Unarmed Combat
   292 | D:1      | Reached XP level 2. HP: 22/22 MP: 6/6
   469 | D:1      | Reached XP level 3. HP: 28/28 MP: 7/7
   471 | D:1      | Reached skill level 3 in Unarmed Combat
   473 | D:1      | Reached skill level 1 in Fighting
   473 | D:1      | Reached XP level 4. HP: 28/36 MP: 8/8
  1460 | D:2      | Reached skill level 4 in Unarmed Combat
  1483 | D:2      | Found a deep blue altar of Sif Muna.
  1526 | D:2      | Noticed Crazy Yiuf
  1538 | D:2      | Killed Crazy Yiuf
  1538 | D:2      | Reached XP level 5. HP: 17/44 MP: 8/8
  2363 | D:3      | Noticed Jessica
  2373 | D:3      | Killed Jessica
  2505 | D:3      | Found an iron altar of Okawaru.
  2597 | D:3      | Noticed Sigmund
  2655 | D:4      | Reached skill level 5 in Unarmed Combat
  2745 | D:4      | Killed Sigmund
  2745 | D:4      | Reached XP level 6. HP: 13/52 MP: 10/10
  3238 | D:4      | Paralysed by a giant eyeball for 4 turns
  3270 | D:4      | Learned a level 2 spell: Blink
  3273 | D:4      | Learned a level 2 spell: Call Imp
  3302 | D:4      | Noticed an ogre
  3309 | D:4      | Killed an ogre
  3443 | D:4      | Reached skill level 6 in Unarmed Combat
  3794 | D:4      | Reached XP level 7. HP: 47/59 MP: 10/10
  3846 | D:5      | Entered Level 5 of the Dungeon
  3859 | D:5      | Found a shimmering altar of Xom.
  3893 | D:5      | Found a staircase to the Ecumenical Temple.
  3964 | D:5      | Reached skill level 1 in Staves
  3970 | D:5      | Found a white marble altar of Elyvilon.
  4352 | D:5      | Reached skill level 7 in Unarmed Combat
  4831 | D:6      | Noticed Deemzul's ghost (experienced DsMo)
  4853 | D:6      | Killed Deemzul's ghost
  4853 | D:6      | Reached skill level 8 in Unarmed Combat
  4853 | D:6      | Reached XP level 8. HP: 34/68 MP: 11/11
  4936 | D:6      | Reached skill level 9 in Unarmed Combat
  5307 | D:6      | Found a blossoming altar of Fedhas.
  5545 | D:7      | Reached skill level 10 in Unarmed Combat
  5705 | D:7      | Reached XP level 9. HP: 69/76 MP: 12/12
  5979 | D:6      | Slain by an orc warrior

Action                   |  1- 3 |  4- 6 |  7- 9 || total
-------------------------+-------+-------+-------++-------
Melee: Unarmed           |   120 |   241 |   254 ||   615
       Quarterstaff      |       |    40 |       ||    40
Evoke: Wand              |       |       |     1 ||     1
  Use: Potion            |       |     4 |     3 ||     7
       Scroll            |       |    10 |     4 ||    14
 Stab: Distracted        |     1 |       |       ||     1
       Sleeping          |       |     2 |     1 ||     3
